 Dungeon Crawl Stone Soup version 0.23.2-33-g5129a83184 (webtiles) character file.

Game seed: 18000050897413474199

1628 Destapler the Digger (level 8, -1/69 HPs)
             Began as a Deep Dwarf Earth Elementalist on July 13, 2019.
             Was an Initiate of Makhleb.
             Slain by a white ugly thing (18 damage)
             ... on level 6 of the Dungeon.
             The game lasted 01:10:32 (5702 turns).

Destapler the Digger (DDEE)                         Turns: 5702, Time: 01:10:32

Health: -1/69      AC:  8    Str: 12    XL:     8   Next: 65%
Magic:  8/9        EV: 11    Int: 18    God:    Makhleb [......]
Gold:   303        SH:  9    Dex: 13    Spells: 9/15 levels left

rFire    . . .     SeeInvis .   B - +0 scimitar (elec)
rCold    . . .     Gourm    .   A - +1 shield
rNeg     . . .     Faith    .   K - +3 leather armour
rPois    .         Spirit   .   h - +0 helmet
rElec    .         Reflect  .   E - +0 cloak {MR+}
rCorr    .         Harm     .   (no gloves)
MR       ++...                  (no boots)
Stlth    +++.......             w - amulet of rage
HPRegen  0.00/turn              (no ring)
MPRegen  0.11/turn              (no ring)

@: non-regenerating
A: damage resistance, heal wounds, sense surroundings 1, no regeneration
a: Heal Wounds, Renounce Religion, Evoke Berserk Rage


You were on level 6 of the Dungeon.
You worshipped Makhleb.
Makhleb was noncommittal.
You were not hungry.

You visited 2 branches of the dungeon, and saw 8 of its levels.
You also visited: Sewer.

You collected 303 gold pieces.

Inventory:

Hand Weapons
 r - a +4 dagger
 B - a +0 scimitar of electrocution (weapon)
Missiles
 b - 83 stones
 p - 2 tomahawks of returning (quivered)
Armour
 h - a +0 helmet (worn)
 A - a +1 shield (worn)
 E - a +0 cloak of magic resistance (worn)
 K - a +3 leather armour (worn)
Jewellery
 s - a +2 ring of dexterity {unknown}
 w - an amulet of rage (around neck)
Wands
 e - a wand of flame (18)
 z - a wand of acid (5)
Scrolls
 f - 2 scrolls of remove curse
 m - 2 scrolls of teleportation
 u - 4 scrolls of identify
 y - 2 scrolls of blinking
 F - a scroll of amnesia {unknown}
 G - a scroll of enchant armour
 H - a scroll of silence {unknown}
 J - a scroll of fog {unknown}
Potions
 a - a potion of berserk rage {unknown}
 j - 2 potions of lignification
 l - a potion of heal wounds {unknown}
 n - 2 potions of might
 q - 3 potions of mutation
 t - a potion of resistance
 C - 2 potions of invisibility
 I - a potion of flight {unknown}
 L - a potion of agility {unknown}
Comestibles
 d - 8 rations


   Skills:
 - Level 3.0 Fighting
   Level 1.9 Maces & Flails
 - Level 3.1 Armour
 + Level 4.9 Dodging
 - Level 5.0 Stealth
 + Level 3.4 Shields
 + Level 4.3 Spellcasting
 + Level 2.8 Conjurations
 - Level 1.0 Transmutations
 + Level 6.6 Earth Magic


You had 9 spell levels left.
You knew the following spells:

 Your Spells              Type           Power        Failure   Level  Hunger
a - Sandblast             Erth           ####..       5%          1    None
b - Passwall              Tmut/Erth      ###.....     26%         2    ##.....
c - Stone Arrow           Conj/Erth      ###...       34%         3    ###....

Your spell library contained the following spells:

 Spells                   Type           Power        Failure   Level  Hunger
 Lee's Rapid Deconstruct  Erth           ####......   83%         5    ######.
 Petrify                  Tmut/Erth      ###.....     86%         4    ####...


Dungeon Overview and Level Annotations

Branches:
Dungeon (7/15)             Temple (1/1) D:6

Altars:
Ashenzari
Cheibriados
Dithmenos
Elyvilon
Fedhas
Hepliaklqana
Makhleb
Nemelex Xobeh
Okawaru
Qazlal
Ru
Sif Muna
Trog
Uskayaw
Vehumet
Wu Jian
Xom
Yredelemnul
Zin
The Shining One

Annotations:
D:3 exclusion: door


Innate Abilities, Weirdness & Mutations

You are resistant to damage.
You can heal yourself by infusing magical energy.
You passively map a small area around you.
You do not regenerate.


Message History

The orc wizard seems to speed up.
You block the scorpion's attack.
You completely miss the scorpion. The scorpion stings you.
You hit the scorpion.
The scorpion is moderately wounded.
The scorpion stings you but does no damage.
You closely miss the scorpion.
The scorpion is moderately wounded.
The scorpion stings you but does no damage.
You block the scorpion's attack.
You hit the scorpion. Lightning courses through the scorpion!
You kill the scorpion!
Makhleb accepts your kill.
You closely miss the white ugly thing. The white ugly thing kicks you!
The white ugly thing freezes you!!
* * * LOW HITPOINT WARNING * * *
You block the white ugly thing's attack.
You fail to use your ability.
The white ugly thing kicks you.
* * * LOW HITPOINT WARNING * * *
The white ugly thing freezes you!!
You die...

#### ######.######..8.8.8.#.##.#
#......)...⌠.⌠..#.##.#
####################.8.>.8.#.##.#
......................⌠.⌠....)...
####################.8.8.8.####.#
........'.........##.......# #.#
........#......)..##..###### #.#
........#.........###.# #.#
.......8#.......@.# #.# #..
##'##############u# #.# ### ...#,


..oo.oOF# #.# # ...# .o..FooY# #p# ######## ...#, , ....)..l# #.# #....... ...#
* ..O.....# #.# #.###### #### , ..u.....# #.# #.# ,, .e......# #.# #.# ⌠
........# #.# #.# You could see a white ugly thing, an ice beast, a bullfrog and
a leopard gecko.

Vanquished Creatures
  Pikel (D:6)
  Duvessa (D:6)
  A slave (D:6)
  An ogre (D:6)
  A bullfrog (Sewer)
  Dowan (D:6)
  3 scorpions
  2 howler monkeys
  2 crimson imps
  2 centaur zombies
  A quasit (D:5)
  A hound (D:6)
  An orc priest (D:6)
  Crazy Yiuf (D:5)
  A bullfrog skeleton (D:5)
  2 orc wizards (D:6)
  2 worker ants
  2 hound zombies
  A hound skeleton (D:6)
  12 adders
  2 shadow imps (D:6)
  An adder skeleton (D:4)
  A dart slug (D:3)
  10 leopard geckos
  12 orcs
  A ball python (Sewer)
  13 giant cockroaches
  6 goblins
  4 hobgoblins
  2 jackals (D:4)
  3 quokkas
  4 bats
  9 frilled lizards
  2 jackal skeletons
  6 kobolds
  A quokka skeleton (D:2)
  6 rats
122 creatures vanquished.

Notes
Turn   | Place    | Note
-------+----------+-------------------------------------------
     0 | D:1      | Destapler the Deep Dwarf Earth Elementalist began the quest
                  | for the Orb.
     0 | D:1      | Reached XP level 1. HP: 15/15 MP: 3/3
   395 | D:2      | Found a faded altar of an unknown god.
   410 | D:2      | Reached XP level 2. HP: 22/22 MP: 4/4
   650 | D:2      | Reached XP level 3. HP: 28/28 MP: 1/6
  1710 | D:3      | Reached XP level 4. HP: 25/36 MP: 4/7
  1886 | D:3      | Noticed an ogre
  2054 | D:3      | Found a bloodstained altar of Trog.
  2069 | D:3      | Learned a level 2 spell: Passwall
  2073 | D:3      | Learned a level 3 spell: Stone Arrow
  2263 | D:4      | Found a glowing drain.
  2265 | Sewer    | Entered a sewer
  2289 | Sewer    | Reached skill level 1 in Maces & Flails
  2379 | Sewer    | Reached XP level 5. HP: 38/43 MP: 3/7
  2414 | Sewer    | Reached skill level 1 in Fighting
  2570 | Sewer    | Reached skill level 1 in Armour
  2857 | D:4      | Reached skill level 1 in Transmutations
  2863 | D:4      | Reached XP level 6. HP: 42/51 MP: 0/9
  2925 | D:3      | Reached skill level 5 in Earth Magic
  3325 | D:5      | Entered Level 5 of the Dungeon
  3390 | D:5      | Found a shattered altar of Ashenzari.
  3438 | D:5      | Found a basalt altar of Yredelemnul.
  3488 | D:5      | Reached skill level 1 in Shields
  3607 | D:5      | Found a runed translucent door.
  3608 | D:5      | Noticed Crazy Yiuf
  3613 | D:5      | Killed Crazy Yiuf
  3664 | D:5      | Reached skill level 1 in Conjurations
  3789 | D:5      | Reached XP level 7. HP: 44/57 MP: 6/9
  4113 | D:6      | Found a staircase to the Ecumenical Temple.
  4166 | D:6      | Found a glowing golden altar of the Shining One.
  4187 | Temple   | Entered the Ecumenical Temple
  4299 | Temple   | Became a worshipper of Makhleb the Destroyer
  4374 | D:6      | Found a hazy altar of Hepliaklqana.
  4376 | D:6      | Noticed Duvessa
  4376 | D:6      | Noticed Dowan
  4498 | D:6      | Noticed Pikel
  4543 | D:6      | Killed Pikel
  4543 | D:6      | Reached skill level 5 in Stealth
  4543 | D:6      | Reached XP level 8. HP: 20/67 MP: 0/10
  4965 | D:6      | Killed Duvessa
  4965 | D:6      | Reached skill level 6 in Earth Magic
  4969 | D:6      | Killed Dowan
  4995 | D:6      | Found a sacrificial altar of Ru.
  5666 | D:7      | Found a sacrificial altar of Ru.
  5693 | D:6      | Noticed a two-headed ogre
  5693 | D:6      | Noticed a white ugly thing
  5693 | D:6      | Noticed a deep elf mage
  5702 | D:6      | Slain by a white ugly thing

Skill      XL: |  1  2  3  4  5  6  7  8 |
---------------+-------------------------+-----
Spellcasting   | 2 3 4 |  4.3
Stealth        | 3 4 5 |  5.0
Dodging        | 3 4 |  4.9
Maces & Flails | 1 |  1.9
Fighting       | 1 2 3 |  3.0
Armour         | 1 2 3 |  3.1
Transmutations | 1 |  1.0
Earth Magic    | 5 6 |  6.6
Shields        | 1 2 3 |  3.4
Conjurations   | 1 2 |  2.8

Action                   |  1- 3 |  4- 6 |  7- 9 || total
-------------------------+-------+-------+-------++-------
Melee: Club              |    62 |     6 |       ||    68
       Spear             |     1 |       |       ||     1
       Unarmed           |     1 |       |       ||     1
       Dagger            |       |   118 |       ||   118
       Mace              |       |    12 |       ||    12
       Scimitar          |       |    16 |    79 ||    95
Throw: Tomahawk          |       |     2 |       ||     2
 Cast: Sandblast         |    33 |    55 |    22 ||   110
       Passwall          |       |     2 |     2 ||     4
 Abil: Heal Wounds       |     1 |     3 |     3 ||     7
       Evoke Berserk Rag |       |     2 |     1 ||     3
  Use: Scroll            |       |     7 |     4 ||    11
 Stab: Sleeping          |     4 |     3 |     4 ||    11
  Eat: Chunk             |     3 |     9 |     7 ||    19
Armor: Leather armour    |    26 |    52 |    25 ||   103
Dodge: Dodged            |    46 |    84 |    41 ||   171
Block: Shield            |       |    76 |    47 ||   123
       Rpst.: Scimitar   |       |     3 |    18 ||    21
